 Dungeon Crawl Stone Soup version 0.22.1-1-ga44c0e56f4 (webtiles) character file.

905 Gargoyl the Skirmisher (level 7, -6/60 HPs)
             Began as a Centaur Abyssal Knight on Oct 11, 2018.
             Was a Priest of Lugonu.
             Killed from afar by an orc wizard (13 damage)
             ... with a puff of flame
             ... on level 4 of the Dungeon.
             The game lasted 00:09:37 (5216 turns).

Gargoyl the Skirmisher (Centaur Abyssal Knight)     Turns: 5216, Time: 00:09:37

Health: -6/60      AC: 11    Str: 15    XL:     7   Next: 80%
Magic:  10/10      EV: 13    Int: 11    God:    Lugonu [***...]
Gold:   64         SH:  0    Dex: 15    Spells: 6/6 levels left

rFire    . . .     SeeInvis .   r - +2 hand axe (chop)
rCold    . . .     Gourm    .   (no shield)
rNeg     . . .     Faith    .   h - +1 scale mail
rPois    .         Spirit   .   (no helmet)
rElec    .         Reflect  .   m - scarf {repulsion}
rCorr    .         Harm     .   (no gloves)
MR       .....                  (no barding)
Stlth    +.........             b - amulet of regeneration
HPRegen  0.60/turn              f - ring of flight
MPRegen  0.12/turn              o - +3 ring of protection

@: agile, lethally poisoned (-6 -> -6), flying, repel missiles, very quick
A: large, hooves 3, deformed body, speed 2, tough skin 3
a: Depart the Abyss, Bend Space, Banish, Renounce Religion


You were on level 4 of the Dungeon.
You worshipped Lugonu.
Lugonu was most pleased with you.
You were not hungry.

You visited 1 branch of the dungeon, and saw 5 of its levels.
You visited the Abyss 1 time.

You collected 364 gold pieces.
You spent 300 gold pieces at shops.

Inventory:

Hand Weapons
 a - a +2 hand axe
 r - a +2 hand axe of chopping (weapon)
Armour
 h - a +1 scale mail (worn)
 m - a scarf of repulsion (worn)
Jewellery
 b - an amulet of regeneration (around neck)
 f - a ring of flight (left hand)
 o - a +3 ring of protection (right hand)
Wands
 g - a wand of paralysis (9)
Scrolls
 d - 3 scrolls of teleportation
 k - a scroll of identify
 p - a scroll of fear
 q - 3 scrolls of blinking
 s - a scroll of remove curse {unknown}
Potions
 i - a potion of curing
 j - a potion of haste {unknown}
 l - a potion of cancellation {unknown}
Comestibles
 c - 8 rations


   Skills:
 + Level 4.9 Fighting
 + Level 3.8 Axes
 * Level 4.1 Armour
 + Level 1.6 Dodging
 * Level 4.7 Invocations


You had 6 spell levels left.
You didn't know any spells.
Your spell library was empty.

Dungeon Overview and Level Annotations

Branches:
Dungeon (5/15)             Temple (0/1) D:4

Altars:
Kikubaaqudgha
Okawaru
Wu Jian
Zin
The Shining One
Beogh

Shops:
D:4 [*[

Annotations:
D:4 2 transporters


Innate Abilities, Weirdness & Mutations

You have hooves in place of feet.
Armour fits poorly on your strangely shaped body.
You cover ground very quickly.
You have extremely tough skin. (AC +3)


Message History

You feel sick. The orc wizard misses you.
There is a stone staircase leading up here.
You are starving!
You feel sick.
You climb upwards.
Level annotation: 2 transporters You feel sick.
There is a stone staircase leading down here.
You eat one of the 9 rations.
That ration really hit the spot!
The orc wizard hits you with a dagger.
* * * LOW HITPOINT WARNING * * *
The orc wizard hits you but does no damage.
It was a potion of flight.
You feel very buoyant.
You fly up into the air.
You feel sick. The orc wizard barely misses you.
It was a potion of agility.
You feel agile all of a sudden. The orc wizard casts a spell at you.
The puff of flame hits you!
You die...

.##.#.#.....#.#.......##
#.#
.##.#..#...#..#........#
#.#
##..#..$$$!?..#........#
#.#
++..##8$$_!Y8##..###...#
#.# ##...#########...#
#...# #.#
.........©.......# #...#
#.# ).)........####..#
#...# #.# .#.#.......#
#..########### #†#
.#<#.###.###
##@o.........# #.#
.#)#.# #.# ###########.#
#.# ...#.# #.# #.# #.#
####.# #.# #.# #.#
####.# #.# #.# #.#
.....# #.# #.####.#
########.# #......#
.........# #.######
########## ###


You could see an orc wizard.

Vanquished Creatures
  2 phantoms
  An ogre (D:4)
  A hound (D:4)
  4 orc priests (D:4)
  Natasha (D:3)
  Terence (D:2)
  An iguana (D:4)
  4 orc wizards
  2 worker ants (D:4)
  4 gnolls (D:4)
  7 adders
  A shadow imp (D:5)
  An ooze (D:3)
  2 dart slugs (D:1)
  5 leopard geckos
  10 orcs
  A ball python (D:4)
  4 bats
  3 giant cockroaches
  4 goblins (D:3)
  9 hobgoblins
  7 jackals
  3 quokkas
  7 frilled lizards
  10 kobolds
  10 rats
105 creatures vanquished.

Vanquished Creatures (collateral kills)
  A small abomination (Abyss:2)
1 creature vanquished.

Grand Total: 106 creatures vanquished

Notes
Turn   | Place    | Note
-------+----------+-------------------------------------------
     0 | Abyss:1  | Gargoyl the Centaur Abyssal Knight began the quest for the
                  | Orb.
     0 | Abyss:1  | Reached XP level 1. HP: 19/19 MP: 2/2
   166 | Abyss:2  | Noticed a small abomination
   179 | Abyss:2  | Killed a small abomination
   179 | Abyss:2  | Reached XP level 2. HP: 26/27 MP: 3/3
   179 | Abyss:2  | Reached XP level 3. HP: 32/33 MP: 4/4
   226 | Abyss:2  | Noticed a small abomination
   241 | D:1      | Escaped the Abyss
   706 | D:1      | Reached * piety under Lugonu
   833 | D:1      | Reached XP level 4. HP: 14/40 MP: 5/5
  1605 | D:2      | Noticed Terence
  1619 | D:2      | Killed Terence
  1700 | D:2      | Reached XP level 5. HP: 35/47 MP: 7/7
  1745 | D:2      | Reached skill level 1 in Dodging
  2109 | D:2      | Noticed a phantom
  2140 | D:2      | Killed a phantom
  2500 | D:3      | Found an iron altar of Okawaru.
  2625 | D:3      | Reached ** piety under Lugonu
  2681 | D:3      | Found an ornate altar of the Wu Jian Council.
  2870 | D:3      | Reached XP level 6. HP: 53/53 MP: 8/8
  2925 | D:3      | Found a glowing golden altar of the Shining One.
  3219 | D:3      | Noticed Natasha
  3229 | D:3      | Killed Natasha
  3416 | D:4      | Found Meogito's Assorted Antiques.
  3424 | D:4      | Bought a blackened silver amulet for 150 gold pieces
  3671 | D:4      | Found a transporter.
  3692 | D:4      | Reached XP level 7. HP: 34/60 MP: 8/10
  3701 | D:4      | Noticed a hippogriff
  3837 | D:4      | Found a transporter.
  3849 | D:4      | Found Fuozoufu's Armour Emporium.
  3877 | D:4      | Found an ancient bone altar of Kikubaaqudgha.
  3889 | D:4      | Found a staircase to the Ecumenical Temple.
  4338 | D:4      | Found Mupep's Antique Armour Shop.
  4390 | D:4      | Reached *** piety under Lugonu
  4646 | D:4      | Found a roughly hewn altar of Beogh.
  4814 | D:4      | Bought a blackened diamond amulet for 150 gold pieces
  4971 | D:4      | Found a glowing silver altar of Zin.
  5091 | D:5      | Entered Level 5 of the Dungeon
  5216 | D:4      | Killed from afar by an orc wizard

Skill      XL: |  1  2  3  4  5  6  7 |
---------------+----------------------+-----
Fighting       | 4 |  4.9
Axes           | 2 3 |  3.8
Invocations    | 3 4 |  4.7
Armour         | 2 3 4 |  4.1
Dodging        | 1 |  1.6

Action                   |  1- 3 |  4- 6 |  7- 9 || total
-------------------------+-------+-------+-------++-------
Melee: Hand axe          |    37 |   207 |   103 ||   347
       Kick              |     7 |    38 |    18 ||    63
Invok: Depart the Abyss  |     1 |       |       ||     1
Evoke: Box of beasts     |     1 |       |       ||     1
       Wand              |       |     3 |       ||     3
  Use: Scroll            |     1 |     9 |     3 ||    13
       Potion            |     1 |       |     3 ||     4
 Stab: Paralysed         |       |    12 |       ||    12
  Eat: Chunk             |       |     6 |     3 ||     9
       Ration            |       |       |     1 ||     1
Armor: Leather armour    |    20 |    17 |       ||    37
       Scale mail        |       |    73 |    83 ||   156
Dodge: Dodged            |    22 |   107 |    60 ||   189
       Deflected         |       |     2 |     1 ||     3
